 Dungeon Crawl Stone Soup version 0.23.2 (webtiles) character file.

Game seed: 9317407132898861067

119 Llamajah the Slasher (level 4, -6/34 HPs)
             Began as a Demonspawn Gladiator on June 11, 2019.
             Killed from afar by Sigmund (11 damage)
             ... with a puff of flame
             ... on level 3 of the Dungeon.
             The game lasted 00:07:30 (2234 turns).

Llamajah the Slasher (Demonspawn Gladiator)         Turns: 2234, Time: 00:07:31

Health: -6/34      AC:  9    Str: 14    XL:     4   Next: 73%
Magic:  4/4        EV: 18    Int: 15    God:
Gold:   142        SH:  0    Dex: 20    Spells: 3/3 levels left

rFire    . . .     SeeInvis .   a - +0 long sword
rCold    . . .     Gourm    .   (no shield)
rNeg     . . .     Faith    .   b - +0 leather armour
rPois    .         Spirit   .   c - +0 helmet
rElec    .         Reflect  .   (no cloak)
rCorr    .         Harm     .   z - +0 pair of gloves (curse)
MR       .....                  y - +0 pair of boots
Stlth    ++++......             (no amulet)
HPRegen  0.11/turn              g - ring of stealth
MPRegen  0.09/turn              (no ring)

@: brilliant, agile
A: talons 1, slimy green scales 2
a: no special abilities


You were on level 3 of the Dungeon.
You were hungry.

You visited 1 branch of the dungeon, and saw 3 of its levels.

You collected 142 gold pieces.

Inventory:

Hand Weapons
 a - a +0 long sword (weapon)
 q - a +2 hunting sling of flaming
Missiles
 r - 113 stones (quivered)
 A - 7 tomahawks
Armour
 b - a +0 leather armour (worn)
 c - a +0 helmet (worn)
 y - a +0 pair of boots (worn)
 z - a cursed +0 pair of gloves (worn)
Jewellery
 g - a ring of stealth (left hand)
 s - an uncursed amulet of rage {unknown}
Scrolls
 i - a scroll of identify {unknown}
 j - 2 scrolls of teleportation {unknown}
 k - a scroll of fog {unknown}
 m - a scroll of immolation {unknown}
 n - a scroll of remove curse {unknown}
 p - 2 scrolls of noise {unknown}
 t - a scroll of amnesia {unknown}
 v - a scroll of fear {unknown}
 B - a scroll of enchant weapon {unknown}
Potions
 e - a potion of haste {unknown}
 h - a potion of agility
 l - a potion of brilliance
 o - a potion of resistance {unknown}
 u - a potion of ambrosia
 x - a potion of might {unknown}
 C - a potion of invisibility {unknown}
Comestibles
 f - 3 rations
 w - a chunk of flesh


   Skills:
 + Level 2.7 Fighting
 + Level 3.3 Long Blades
 + Level 1.0(1.8) Slings
 + Level 2.4(2.5) Throwing
 + Level 1.3 Armour
 + Level 3.2 Dodging


You had 3 spell levels left.
You didn't know any spells.
Your spell library was empty.

Dungeon Overview and Level Annotations

Branches:
Dungeon (3/15)

Altars:
Xom

Annotations:
D:3 Sigmund


Innate Abilities, Weirdness & Mutations

You have sharp toenails.
You are mostly covered in slimy green scales. (AC +3)


Message History

Something barely misses you.
You miss something. You hit something. Something barely misses you.
You hit something. Something hits you.
You closely miss something. Something hits you!
You barely miss something. Something hits you.
You miss something. You hit something.
You hear some strange, mumbled words.
A magic dart appears from out of thin air!
The magic dart hits you. Something hits you!
* * * LOW HITPOINT WARNING * * *
You barely miss something. You hit something.
Something hits you but does no damage.
You hit something but do no damage. Something barely misses you.
You hit something.
You hear some strange, mumbled words.
A puff of flame appears from out of thin air!
The puff of flame hits you!
You die...

######
.[...########################
####......(....{@>.....รท[...#
####.######################.#
..##.# #####.# ..##'######
#...#.# ..##......# #.#.#.#
..........# #.#.#.#
..##......# #.#.#.#
..##......# #.#.#.#
..##......# #.#<#.#


There were no monsters in sight!

Vanquished Creatures
  An orc wizard (D:3)
  2 adders
  A worm (D:2)
  A dart slug (D:2)
  2 leopard geckos (D:2)
  5 orcs (D:3)
  6 bats
  3 giant cockroaches
  5 goblins (D:1)
  7 hobgoblins
  2 jackals (D:1)
  8 kobolds
  2 quokkas
  2 ball pythons (D:2)
  4 frilled lizards
  5 rats
56 creatures vanquished.

Notes
Turn   | Place    | Note
-------+----------+-------------------------------------------
     0 | D:1      | Llamajah the Demonspawn Gladiator began the quest for the
                  | Orb.
     0 | D:1      | Reached XP level 1. HP: 16/16 MP: 1/1
   196 | D:1      | Gained mutation: You are partially covered in slimy green
                  | scales. (AC +2) [demonic ancestry]
   196 | D:1      | Reached XP level 2. HP: 16/22 MP: 2/2
   681 | D:1      | Gained mutation: You are mostly covered in slimy green
                  | scales. (AC +3) [demonic ancestry]
   681 | D:1      | Reached XP level 3. HP: 28/28 MP: 3/3
  1175 | D:2      | Reached skill level 1 in Armour
  1842 | D:3      | Gained mutation: You have sharp toenails. [demonic
                  | ancestry]
  1842 | D:3      | Reached XP level 4. HP: 34/34 MP: 4/4
  2007 | D:3      | Found a shimmering altar of Xom.
  2023 | D:3      | Reached skill level 1 in Slings
  2156 | D:3      | Noticed Sigmund
  2234 | D:3      | Killed from afar by Sigmund

Skill      XL: |  1  2  3  4 |
---------------+-------------+-----
Throwing       | 2 |  2.4
Long Blades    | 3 |  3.3
Armour         | 1 |  1.3
Dodging        | 3 |  3.2
Slings         | 1 |  1.0
Fighting       | |  2.7

Action                   |  1- 3 |  4- 6 || total
-------------------------+-------+-------++-------
Melee: Long sword        |   143 |    41 ||   184
Throw: Throwing net      |     4 |     2 ||     6
  Use: Potion            |       |     3 ||     3
 Stab: Sleeping          |     5 |     1 ||     6
       Distracted        |     1 |       ||     1
  Eat: Chunk             |     3 |     1 ||     4
Armor: Leather armour    |    59 |    12 ||    71
Dodge: Dodged            |   125 |    47 ||   172
       Rpst.: Long sword |    31 |    11 ||    42
